 Dungeon Crawl Stone Soup version 0.28-a0-503-g83f2989fac (webtiles) character file.

Game seed: 14228043725174540377

12 spiderkeys the Skirmisher (level 2, -2/21 HPs)
             Began as an Octopode Abyssal Knight on Sept 20, 2021.
             Was a Follower of Lugonu.
             Slain by a rust devil (4 damage)
             ... on level 2 of the Abyss.
             The game lasted 00:00:38 (247 turns).

spiderkeys the Skirmisher (Octopode Abyssal Knight)  Turns: 247, Time: 00:00:38

Health: -2/21      AC: -7    Str: 12    XL:     2   Next: 33%
Magic:  3/3        EV: 13    Int: 12    God:    Lugonu [*.....]
Gold:   22         SH:  0    Dex: 12    Spells: 1/1 levels left

rFire   . . .      SeeInvis .   d - +2 scythe (venom)
rCold   . . .      Faith    .   (shield currently unavailable)
rNeg    . . .      Spirit   .   (helmet restricted)
rPois   .          Reflect  .   (no amulet)
rElec   .          Harm     .   O - +4 ring of protection
rCorr   .          Rampage  .   (no ring)
Will    .....                   (no ring)
Stlth   ++........              (no ring)
HPRegen 0.07/turn               (no ring)
MPRegen 0.08/turn               (no ring)
                                (no ring)
                                (no ring)

@: corroded
A: almost no armour, amphibious, 8 rings, camouflage 1, gelatinous body 1,
(nimble swimmer 1), tentacles
a: Renounce Religion, Depart the Abyss


You were on level 2 of the Abyss.
You worshipped Lugonu.
Lugonu was aware of your devotion.
You visited 0 branches of the dungeon, and saw 0 of its levels.
You visited the Abyss 1 time.

You collected 22 gold pieces.


Innate Abilities, Weirdness & Mutations

You cannot wear most types of armour.
You are amphibious.
You can wear up to eight rings at the same time.
Your skin changes colour to match your surroundings (Stealth+).
Your rubbery body absorbs attacks. (AC +1, EV +1)
((You are camouflaged near water. (Stealth+)))
You have tentacles for arms and can constrict up to eight enemies at once.


   Skills:
 + Level 3.2 Fighting
 + Level 2.5 Dodging
 + Level 2.2 Unarmed Combat
 + Level 2.2 Invocations


You had one spell level left.
You didn't know any spells.
Your spell library was empty.

Inventory:

Hand Weapons
 d - a +2 scythe of venom (weapon)
   (You found it on level 2 of the Abyss)
Missiles
 a - 14 stones
 b - 6 curare-tipped darts {=f}
Jewellery
 O - a +4 ring of protection (left tentacle)
   (You found it on level 2 of the Abyss)
Scrolls
 c - a scroll of teleportation {unknown}

Dungeon Overview and Level Annotations

Branches:
Dungeon (0/15)

Altars:

... ...#.
#.#...... .#
..#... . #. #####
#..#..#.##.###...#
..#.#.##....###@#
#.x.... ...#..##4#
. .....#.##.##X5#
.... . . ##.....#
#
#####.$X.###.#$.#
.#.
....#.....###.#.#
...## ##...#...
... # .#.###.###
.#..#..# ##....
#.##..## .##. #


You could see a large abomination, a rust devil and an ufetubus.


Message History

The ufetubus closely misses you. The ufetubus closely misses you.
The ufetubus hits you but does no damage.
You see here a +2 scythe of venom.
d - a +2 scythe of venom The ufetubus closely misses you.
The ufetubus hits you. 😕 HP[-1]
You take 1 damage, and now have 15/16 hp.
Your +2 scythe of venom begins to drip with poison!
d - a +2 scythe of venom (weapon)
The ufetubus misses you. The ufetubus closely misses you.
You hit the ufetubus. Your grab misses the ufetubus.
The ufetubus closely misses you. The ufetubus hits you.
The ufetubus closely misses you. The ufetubus hits you.
The ufetubus misses you.
The ufetubus hits you but does no damage. 😮 HP[-4]
You take 4 damage, and now have 11/16 hp.
MASSIVE DAMAGE!! (PAUSE)
You closely miss the ufetubus. You grab the ufetubus.
You constrict the ufetubus. The ufetubus barely misses you.
The ufetubus closely misses you. The ufetubus misses you. x2
The ufetubus hits you but does no damage.
The ufetubus completely misses you. 😮 HP[+1]
You barely miss the ufetubus.
You constrict the ufetubus, but do no damage.
The ufetubus hits you but does no damage.
The ufetubus barely misses you. The ufetubus hits you.
The ufetubus closely misses you. x2; The ufetubus misses you. 😮 HP[-3]
You take 3 damage, and now have 9/16 hp.
You slash the ufetubus!
You kill the ufetubus!
You start resting.
A small abomination comes into view. 😮 HP[+2]
You regained 2 hp, and now have 11/16 hp. 😮 HP[+1]
An ufetubus comes into view.
The white imp shouts!
You hear a screech!
A large abomination comes into view.
You are too injured to fight recklessly!
You barely miss the white imp. You grab the white imp.
You constrict the white imp. The white imp gestures at you.
The puff of frost hits you!
* * * LOW HITPOINT WARNING * * *
A rust devil comes into view.
The white imp gestures at you. The puff of frost misses you. 😨 HP[-7]
You take 7 damage, and now have 5/16 hp.
MASSIVE DAMAGE!! (PAUSE)
You hit the white imp.
The white imp is poisoned.
You constrict the white imp.
You kill the white imp!
You have reached level 2! 😨 HP[+2] MP[+1]
You now have 21 max hp (+5).
You regained 2 hp, and now have 7/21 hp.
Your mp is fully restored (3). 😨 HP[+1]
The ufetubus shouts!
The ufetubus closely misses you. The ufetubus barely misses you.
You barely miss the ufetubus. You grab the ufetubus.
You constrict the ufetubus, but do no damage.
The ufetubus hits you but does no damage.
The ufetubus barely misses you. The ufetubus closely misses you. x2
The ufetubus barely misses you. x2
You release your grip on the ufetubus.
The ufetubus hits you but does no damage. x2
You barely miss the ufetubus. Your grab misses the ufetubus.
The ufetubus hits you but does no damage.
The ufetubus closely misses you. The ufetubus misses you.
The ufetubus closely misses you. The rust devil hits you.
* * * LOW HITPOINT WARNING * * *
The rust devil corrodes you! The ufetubus hits you.
* * * LOW HITPOINT WARNING * * *
The ufetubus barely misses you. 😱 HP[-5]
You take 5 damage, and now have 3/21 hp.
MASSIVE DAMAGE!! (PAUSE)
You barely miss the rust devil. Your grab misses the rust devil.
You squeeze the rust devil. The rust devil barely misses you.
The rust devil hits you.
* * * LOW HITPOINT WARNING * * *
The rust devil corrodes you! 😱 HP[-1]
You take 1 damage, and now have 2/21 hp.
You hit the rust devil but do no damage.
Your grab misses the rust devil. The rust devil hits you.
* * * LOW HITPOINT WARNING * * *
The rust devil corrodes you!
The rust devil closely misses you. 😱 HP[-1]
You take 1 damage, and now have 1/21 hp.
You closely miss the rust devil. You grab the rust devil.
You tentacle-slap the rust devil, but do no damage.
You constrict the rust devil, but do no damage.
The rust devil barely misses you. The rust devil hits you.
You die...

Action                   || total
-------------------------++-------
Melee: Scythe            ||    11
       Constrict         ||     4
       Punch             ||     1
       Tentacles         ||     1
Armor: Skin              ||     9
Dodge: Dodged            ||    32

Levels and vault maps discovered:
Abyss:2:  base:
Temple

Notes
Turn   | Place    | Note
-------+----------+-------------------------------------------
     0 | Abyss:1  | spiderkeys the Octopode Abyssal Knight began the quest for
                  | the Orb.
     0 | Abyss:1  | Reached XP level 1. HP: 16/16 MP: 2/2
     0 | Abyss:1  | magus.rc [v1.9.10]
   215 | Abyss:2  | Noticed a small abomination
   225 | Abyss:2  | Noticed a large abomination
   226 | Abyss:2  | Noticed a rust devil
   228 | Abyss:2  | Reached XP level 2. HP: 7/21 MP: 3/3
   243 | Abyss:2  | HP: 5/21 [rust devil (3)]
   245 | Abyss:2  | HP: 2/21 [rust devil (1)]
   247 | Abyss:2  | Slain by a rust devil

Vanquished Creatures
  A white imp (Abyss:2)
  An ufetubus (Abyss:2)
2 creatures vanquished.

Table legend:
 A = Non-vault XP
 B = Vault XP
 C = Vault XP percentage of total XP
 D = Non-vault monster count
 E = Vault monster count
 F = Vault count percentage of total count
                 A         B        C        D         E       F
            +---------+---------+-------+---------+---------+-------
      Total |      18 |       0 |   0.0 |       2 |       0 |   0.0
            +---------+---------+-------+---------+---------+-------
    Abyss:2 |      18 |       0 |   0.0 |       2 |       0 |   0.0
            +---------+---------+-------+---------+---------+-------

Illustrated notes

Table legend:
 A = Kills in this place as a percentage of kills in entire the game.
 B = Kills by you in this place as a percentage of kills by you in the entire game.
 C = Kills by friends in this place as a percentage of kills by friends in the entire game.
 D = Other kills in this place as a percentage of other kills in the entire game.
 E = Experience gained in this place as a percentage of experience gained in the entire game.
 F = Experience gained in this place divided by the number of levels of this place that you have seen.
                   A       B       C       D       E      F
               +-------+-------+-------+-------+-------+----------------------
         Total | 100.0 | 100.0 |   N/A |   N/A | 100.0 |   9.0
         Abyss | 100.0 | 100.0 |   N/A |   N/A | 100.0 |   9.0
               +-------+-------+-------+-------+-------+----------------------

Table legend: (Time is in decaauts)
 A = Elapsed time spent in this place.
 B = Non-inter-level travel time spent in this place.
 C = Inter-level travel time spent in this place.
 D = Time resting spent in this place.
 E = Time spent auto-exploring this place.
 F = Levels seen in this place.
 G = Mean time per level.
                   A        B        C        D        E       F      G
               +--------+--------+--------+--------+--------+-----+--------+
         Total |    255 |    255 |      0 |     53 |    115 |   2 |  127.5 |
         Abyss |    255 |    255 |      0 |     53 |    115 |   2 |  127.5 |
               +--------+--------+--------+--------+--------+-----+--------+

Top non-repeatable levels by time:
 Abyss:2: 134 daAuts
 Abyss:1: 121 daAuts
